Map: 2000 Atmospheres LE

Players

Pumba - Winner!

  • Race: Zerg Zerg
  • League: Master
  • Spawn Location: 3:00

LotusDance

  • Race: Protoss Protoss
  • League: Master
  • Spawn Location: 7:00

VOD

Have the link to the VOD?

Description

Time

  • Played on: Sept. 14, 2021, 5:49 p.m.
  • Length: 16:12
Show
View Real Time Build Order
Export as new Build Order

Pumba Zerg - Winner!

Build Orders: Hatch First 

Get SALT Encoding   

  12  0:01  Drone  
  13  0:14  Overlord  
  13  0:18  Drone  
  14  0:32  Drone  
  14  0:33  Drone  
  16  0:47  Drone  
  17  0:52  Drone  
  18  0:58  Hatchery  
  17  1:06  Drone  
  18  1:14  Extractor  
  18  1:16  Spawning Pool  
  16  1:19  Drone  
  16  1:23  Drone  
  18  1:30  Drone  
  19  1:43  Drone  
  20  1:52  Overlord  
  20  2:05  Queen  
  22  2:09  Queen  
  22  2:10  Zergling x2  
  22  2:12  Drone  
  26  2:17  Metabolic Boost  
  26  2:24  Drone  
  27  2:31  Drone x2  
  29  2:39  Hatchery  
  29  2:42  Drone x2  
  31  2:44  Drone  
  31  2:47  Zergling x2  
  32  2:53  Zergling x2  
  32  2:58  Overlord  
  33  3:10  Drone x2  
  34  3:16  Queen  
  36  3:21  Drone x7  
  43  3:33  Overlord  
  43  3:36  Overlord  
  43  3:50  Overlord  
  43  3:51  Overlord  
  43  3:52  Drone x5  
  48  4:03  Roach Warren, Extractor  
  48  4:04  Drone  
  48  4:09  Drone  
  48  4:11  Drone  
  49  4:20  Queen  
  51  4:32  Zergling x22  
  51  4:36  Spine Crawler  
  51  4:38  Overlord  
  61  4:39  Spine Crawler  
  61  4:43  Zergling x2  
  61  4:45  Queen  
  63  4:48  Zergling x4  
  63  4:54  Zergling x10  
  67  5:04  Zergling x4  
  65  5:12  Roach x4  
  66  5:22  Lair  
  66  5:25  Drone x2  
  66  5:26  Drone x2  
  66  5:27  Drone x3  
  73  5:33  Extractor  
  73  5:34  Extractor  
  71  5:36  Overlord  
  71  5:37  Overlord  
  71  5:42  Drone  
  72  5:43  Drone  
  71  6:02  Roach x5  
  78  6:06  Roach x7  
  87  6:15  Zergling x4  
  87  6:21  Glial Reconstitution  
  87  6:24  Evolution Chamber  
  82  6:26  Hydralisk Den, Infestation Pit  
  82  6:30  Hatchery  
  75  6:33  Drone x3  
  75  6:34  Drone x2  
  75  6:35  Drone  
  75  6:39  Extractor x2  
  79  6:44  Drone  
  79  6:45  Drone  
  79  6:46  Drone  
  82  6:48  Drone x3  
  82  6:49  Drone x3  
  82  6:50  Overseer  
  82  6:52  Overlord x2  
  88  6:57  Zerg Missile Weapons Level 1  
  88  7:02  Infestor  
  88  7:03  Infestor  
  92  7:12  Drone x7  
  99  7:20  Overlord x3  
  99  7:22  Infestor  
  99  7:25  Infestor  
  103  7:38  Overlord  
  103  7:39  Infestor x2  
  107  7:48  Roach x7  
  120  7:58  Roach x4  
  123  8:06  Roach x3  
  127  8:16  Roach x9  
  135  8:32  Roach x6  
  129  8:42  Infestor x2  
  129  8:47  Extractor  
  129  8:51  Extractor  
Show
View Real Time Build Order
Export as new Build Order

LotusDance Protoss 

Build Orders: 1 Gate Expand 

Get SALT Encoding   

  12  0:00  Probe  
  13  0:12  Probe  
  14  0:19  Pylon  
  14  0:25  Probe  
  15  0:38  Gateway  
  15  0:40  Probe (Chrono Boost)  
  17  0:50  Probe (Chrono Boost)  
  17  0:55  Probe (Chrono Boost), Assimilator  
  18  1:07  Probe  
  19  1:24  Nexus  
  19  1:26  Probe  
  20  1:40  Cybernetics Core  
  20  1:44  Probe  
  20  1:46  Assimilator  
  21  1:52  Pylon  
  21  1:59  Probe  
  22  2:11  Probe  
  22  2:14  Adept (Chrono Boost)  
  23  2:17  Warp Gate  
  25  2:23  Probe  
  26  2:33  Robotics Facility  
  26  2:35  Probe  
  26  2:36  Probe  
  26  2:37  Stalker (Chrono Boost)  
  30  2:47  Probe  
  30  2:48  Probe  
  32  2:59  Probe  
  32  3:00  Probe  
  34  3:11  Probe  
  35  3:13  Probe  
  35  3:17  Warp Prism (Chrono Boost)  
  36  3:22  Gateway  
  36  3:23  Probe  
  36  3:26  Gateway  
  39  3:28  Gateway  
  39  3:31  Probe  
  39  3:34  Pylon  
  40  3:52  Probe x2, Gateway  
  42  4:04  Probe, Pylon  
  42  4:05  Pylon  
  43  4:16  Stalker x2  
  47  4:21  Stalker  
  47  4:23  Stalker  
  51  4:35  Stalker x2  
  55  4:48  Stalker x2  
  55  4:52  Zealot, Pylon  
  51  5:14  Probe  
  51  5:15  Probe  
  41  5:22  Zealot x4  
  41  5:23  Zealot, Assimilator x2  
  41  5:27  Probe  
  41  5:28  Probe  
  53  5:38  Nexus  
  53  5:39  Probe, Pylon  
  53  5:41  Twilight Council  
  54  5:46  Zealot, Pylon  
  54  5:47  Sentry  
  54  5:49  Zealot  
  58  5:50  Zealot  
  58  5:51  Zealot  
  62  5:59  Gateway x2  
  62  6:07  Shield Battery  
  62  6:10  Shield Battery  
  62  6:11  Shield Battery, Stalker  
  58  6:12  Stalker x2  
  58  6:15  Zealot  
  58  6:18  Charge (Chrono Boost)  
  60  6:19  Probe  
  60  6:20  Probe  
  58  6:31  Probe  
  58  6:32  Probe  
  60  6:36  Gateway  
  60  6:39  Zealot  
  62  6:40  Zealot x3  
  62  6:44  Shield Battery, Probe  
  62  6:46  Probe  
  70  6:48  Warp Prism (Chrono Boost)  
  70  6:53  Probe  
  73  6:56  Probe, Stalker  
  73  6:57  Stalker  
  73  6:59  Probe  
  79  7:08  Probe  
  79  7:09  Probe  
  79  7:11  Stalker x3  
  87  7:16  Zealot  
  87  7:22  Stalker x2  
  93  7:39  Zealot  
  93  7:40  Zealot x3  
  85  8:17  Zealot x2  
  85  8:18  Zealot x5  
Tags
 
Add a new tag
Caveats
  • Supply blocks, unpowered buildings, or Contaminate may cause inaccurate times.
  • Supply counts are checked every 10 seconds.